 Dungeon Crawl Stone Soup version 0.18.1-50-g88ac8fd (webtiles) character file.

7519 Nordron the Arsonist (level 11, -2/68 HPs)
             Began as a Gargoyle Fire Elementalist on Sept 23, 2016.
             Was an Elder of Vehumet.
             Slain by an orc warrior
             ... wielding a +0 mace
              (10 damage)
             ... on level 10 of the Dungeon.
             The game lasted 01:28:56 (10413 turns).

Nordron the Arsonist (Gargoyle Fire Elementalist)  Turns: 10413, Time: 01:28:56

Health: -2/68      AC: 16    Str: 12    XL:     11   Next: 16%
Magic:  1/21       EV: 12    Int: 19    God:    Vehumet [****..]
Gold:   474        SH:  0    Dex: 10    Spells: 4 memorised, 11 levels left

rFire  . . .     SeeInvis +     O - +8 short sword of Irritation {elec, rC+ Stlth+}
rCold  + . .     Gourm    .     y - +0 leather armour
rNeg   + . .     Faith    .     (no shield)
rPois  ∞         Spirit   .     p - +0 helmet
rElec  +         Dismiss  .     R - +0 cloak
rCorr  .         Reflect  .     Q - +2 pair of gloves {archery}
SustAt .         Harm     .     (no boots)
MR     .....                    (no amulet)
Stlth  +++.......               P - ring of wizardry
                                i - ring of see invisible

@: very slightly contaminated, hasted, very quick, not resistant to hostile
enchantments, fairly stealthy
A: negative energy resistance 1, electricity resistance, unbreathing,
petrification resistance, rot immunity, AC +7
a: Renounce Religion


You were on level 10 of the Dungeon.
You worshipped Vehumet.
Vehumet was greatly pleased with you.
You were not hungry.

You visited 2 branches of the dungeon, and saw 11 of its levels.

You collected 590 gold pieces.
You spent 116 gold pieces at shops.

Inventory:

Hand Weapons
 u - a +2 quarterstaff of chaos
 J - a +1 mace of protection
 N - the +8 short sword of Courage {freeze, rPois MP+9 Str-4 Int+2}
   (You found it on level 6 of the Dungeon)

   It has been specially enchanted to freeze those struck by it, causing extra
   injury to most foes and up to half again as much damage against particularly
   susceptible opponents.
   It can also slow down cold-blooded creatures.
   It affects your strength (-4).
   It affects your intelligence (+2).
   It protects you from poison.
   It affects your magic capacity (+9).
 O - the +8 short sword of Irritation (weapon) {elec, rC+ Stlth+}
   (You found it on level 6 of the Dungeon)

   Occasionally, upon striking a foe, it will discharge some electrical energy
   and cause terrible harm.
   It protects you from cold.
   It makes you more stealthy.
Armour
 p - a +0 helmet (worn)
 v - a +1 chain mail of fire resistance
 y - a +0 leather armour (worn)
 Q - a +2 pair of gloves of archery (worn)
 R - a +0 cloak (worn)
Jewellery
 i - a ring of see invisible (left hand)
 n - an uncursed ring of ice
 I - an uncursed amulet of dismissal
 P - a ring of wizardry (right hand)
Wands
 a - a wand of iceblast (7/15)
 g - a wand of flame (26/48)
 E - a wand of iceblast (15/15)
 G - a wand of iceblast (5/15)
 K - a wand of iceblast (10/15)
 L - a wand of lightning (2/15)
 V - a wand of disintegration (7/24)
 W - a wand of lightning (7/15)
Scrolls
 f - 6 scrolls of identify
 h - 5 scrolls of teleportation
 j - 3 scrolls of recharging
 k - a scroll of fog {unknown}
 l - 5 scrolls of fear
 o - 8 scrolls of remove curse
 s - 3 scrolls of blinking
 x - 3 scrolls of amnesia
 A - a scroll of enchant armour {unknown}
 D - 2 scrolls of enchant weapon {unknown}
 H - 2 scrolls of noise {unknown}
 S - a scroll of silence {unknown}
Potions
 d - a potion of heal wounds {unknown}
 e - 7 potions of curing
 r - a potion of lignification {unknown}
 t - a potion of resistance {unknown}
 w - a potion of beneficial mutation (quivered) {unknown}
 z - 2 potions of cure mutation {unknown}
 C - a potion of magic {unknown}
 F - a potion of brilliance
 M - a potion of ambrosia {unknown}
 U - a potion of invisibility {unknown}
 Y - a potion of agility {unknown}
Books
 b - a book of Flames

   Spells                             Type                      Level
   a - Flame Tongue                   Conjuration/Fire             1
   b - Throw Flame                    Conjuration/Fire             2
   c - Conjure Flame                  Conjuration/Fire             3
   d - Inner Flame                    Hexes/Fire                   3
   e - Sticky Flame                   Conjuration/Fire             4
   f - Fireball                       Conjuration/Fire             5
Comestibles
 c - 4 bread rations
 q - 2 beef jerkies
 B - 6 meat rations
 T - 24 fruits
 X - 6 chunks of flesh


   Skills:
 * Level 7.8 Fighting
 + Level 0.2(0.4) Maces & Flails
 - Level 0.6 Staves
 + Level 3.1 Armour
 + Level 3.5 Dodging
 - Level 2.1 Stealth
 + Level 7.2 Spellcasting
 + Level 8.0 Conjurations
 + Level 10.3 Fire Magic


You had 11 spell levels left.
You knew the following spells:

 Your Spells              Type           Power        Failure   Level  Hunger
a - Flame Tongue          Conj/Fire      #####        1%          1    None
b - Conjure Flame         Conj/Fire      #####...     1%          3    #......
c - Sticky Flame          Conj/Fire      #####...     1%          4    ###....
d - Fireball              Conj/Fire      #####.....   1%          5    #####..


Dungeon Overview and Level Annotations

Branches:
Dungeon (10/15)            Temple (1/1) D:6            Lair (0/8) D:9
    Orc: D:9-12

Altars:
Ashenzari
Cheibriados
Dithmenos
Elyvilon
Fedhas
Gozag
Kikubaaqudgha
Makhleb
Nemelex Xobeh
Okawaru
Pakellas
Qazlal
Ru
Sif Muna
Trog
Vehumet
Xom
Yredelemnul
Zin
The Shining One

Shops:
D:5 (


Innate Abilities, Weirdness & Mutations

You are resistant to torment.
Your stone body is resilient (AC +7).
You are immune to poison.
You resist negative energy.
You are resistant to electric shocks.
You can survive without breathing.
You are immune to petrification.
You are immune to rotting.


Message History

The orc warrior barely misses you.
Casting: Flame Tongue
Confirm with . or Enter, or press ? or * to list all spells.
Aiming: Sticky Flame
Press: ? - help, Shift-Dir - straight line, f - orc warrior, p - orc warrior
Aim: an orc warrior, wielding a scimitar and wearing a plate armour The sticky flame hits the orc warrior.
The orc warrior appears unharmed.
The orc warrior is covered in liquid flames!
The orc warrior burns!
The orc warrior hits you with a scimitar!!
* * * LOW HITPOINT WARNING * * *
The orc warrior hits you with a mace!
* * * LOW HITPOINT WARNING * * *
The orc warrior burns!
Drink which item? (? for menu, Esc to quit)
You feel yourself speed up.
The orc warrior burns!
The orc warrior hits you with a scimitar.
* * * LOW HITPOINT WARNING * * *
The orc warrior hits you with a mace!
You die...

#o§(.(........# #.....#
#ooo.####........#####.....##
..oo### #........#...'.....'.
.$. #..........###.....## .
#........### #.....#
####.##### ###'### #....#
##...# ####.####### #..###
#....)o@...# ###)######
#.....o....# #........#
#..........###........#
##..........#.+........#
...............#...))...##
###..........###...)....+.
#..........# #........#.
#..........# ###'#######
#########.## #.#


You could see 2 orc warriors.

Vanquished Creatures
  Erolcha (D:8)
  The ghost of smzp the Grappler, a novice VSMo of Yredelemnul (D:8)
  Maurice (D:8)
  Psyche (D:8)
  Grinder (D:5)
  Sigmund (D:4)
  Eustachio (D:4)
  2 hippogriffs (D:9)
  Edmund (D:6)
  Duvessa (D:4)
  2 wargs (D:9)
  The ghost of Rexou the Conjurer, an amateur DECj (D:4)
  4 orc warriors
  A water moccasin (D:6)
  4 sky beasts
  An ice beast (D:9)
  7 ogres
  2 phantoms
  A centaur (D:5)
  4 big kobolds
  4 giant frogs
  Dowan (D:4)
  3 killer bees (D:8)
  2 wights
  A quasit (D:8)
  A centaur zombie (D:5)
  6 orc priests
  5 hounds
  15 orc wizards
  Crazy Yiuf (D:2)
  A centaur skeleton (D:6)
  4 giant frog skeletons
  2 iguanas
  Natasha (thrice) (D:2)
  9 worker ants
  A killer bee zombie (D:10)
  A howler monkey zombie (D:6)
  2 worker ant zombies
  7 gnolls
  2 howler monkey skeletons
  10 adders
  2 shadow imps (D:9)
  2 oozes
  An adder skeleton (D:6)
  5 worms
  4 dart slugs
  5 giant geckos
  52 orcs
  A ball python (D:2)
  12 bats
  5 giant cockroaches
  3 goblins
  9 hobgoblins
  12 jackals
  35 kobolds
  6 quokkas
  6 giant newts
  2 quokka skeletons
  2 quokka zombies
  9 rats
  A plant (D:6)
293 creatures vanquished.

Vanquished Creatures (others)
  A giant frog (D:6)
  An orc (D:9)
2 creatures vanquished.

Grand Total: 295 creatures vanquished

Notes
Turn   | Place    | Note
--------------------------------------------------------------
     0 | D:1      | Nordron the Gargoyle Fire Elementalist began the quest for the Orb.
     0 | D:1      | Reached XP level 1. HP: 10/10 MP: 3/3
   100 | D:1      | Reached XP level 2. HP: 15/15 MP: 1/5
   214 | D:1      | Reached skill level 1 in Fighting
   243 | D:1      | Reached XP level 3. HP: 5/20 MP: 0/6
   895 | D:1      | Reached skill level 4 in Fire Magic
  1028 | D:2      | Noticed Natasha
  1203 | D:2      | Reached XP level 4. HP: 18/25 MP: 1/7
  1335 | D:2      | Killed Natasha
  1528 | D:2      | Reached XP level 5. HP: 22/29 MP: 1/9
  1708 | D:2      | Learned a level 3 spell: Conjure Flame
  1713 | D:2      | Learned a level 4 spell: Sticky Flame
  1733 | D:2      | Found an iron altar of Okawaru.
  1750 | D:2      | Noticed Natasha
  1764 | D:2      | Killed Natasha
  1929 | D:2      | Noticed Crazy Yiuf
  1942 | D:2      | Killed Crazy Yiuf
  2087 | D:2      | Noticed Natasha
  2091 | D:2      | Killed Natasha
  2091 | D:2      | Reached XP level 6. HP: 28/35 MP: 6/10
  2224 | D:3      | Reached skill level 5 in Fire Magic
  2271 | D:3      | Found a shattered altar of Ashenzari.
  2705 | D:3      | Found a deep blue altar of Sif Muna.
  2942 | D:3      | Found a burning altar of Makhleb.
  3145 | D:4      | Noticed Rexou's ghost (amateur DECj)
  3427 | D:4      | Noticed Eustachio
  3449 | D:4      | Killed Eustachio
  3449 | D:4      | Reached XP level 7. HP: 38/40 MP: 0/12
  3628 | D:4      | Killed Rexou's ghost
  3661 | D:4      | Noticed Duvessa
  3661 | D:4      | Noticed Dowan
  3693 | D:4      | Killed Duvessa
  3693 | D:4      | Reached skill level 6 in Fire Magic
  3700 | D:4      | Killed Dowan
  3700 | D:4      | Reached XP level 8. HP: 17/46 MP: 1/14
  3874 | D:4      | Noticed Sigmund
  3880 | D:4      | Killed Sigmund
  3968 | D:4      | Found an opulent altar of Gozag.
  3980 | D:4      | Found a radiant altar of Vehumet.
  3984 | D:4      | Became a worshipper of Vehumet
  3988 | D:4      | Found a shadowy altar of Dithmenos.
  4253 | D:5      | Entered Level 5 of the Dungeon
  4253 | D:5      | Found Wiykkexeh's Weapon Boutique.
  4311 | D:5      | Bought a +1 mace of protection for 116 gold pieces
  4413 | D:5      | Noticed Grinder
  4422 | D:5      | Killed Grinder
  4422 | D:5      | Reached skill level 5 in Spellcasting
  4422 | D:5      | Reached skill level 7 in Fire Magic
  4428 | D:5      | Reached skill level 5 in Conjurations
  4624 | D:5      | Learned a level 5 spell: Fireball
  4631 | D:5      | Reached XP level 9. HP: 45/52 MP: 8/16
  4661 | D:5      | Reached skill level 1 in Armour
  4981 | D:6      | Noticed a moth of wrath
  4984 | D:6      | Found a bloodstained altar of Trog.
  4989 | D:6      | Reached * piety under Vehumet
  4989 | D:6      | Offered knowledge of Sandblast by Vehumet.
  5315 | D:6      | Reached skill level 5 in Fighting
  5487 | D:6      | Reached skill level 8 in Fire Magic
  5504 | D:6      | Reached ** piety under Vehumet
  5504 | D:6      | Offered knowledge of Sting by Vehumet.
  5708 | D:6      | Noticed Edmund
  5720 | D:6      | Killed Edmund
  5810 | D:6      | Got a faintly glowing short sword
  5813 | D:6      | Got a transparent short sword
  5818 | D:6      | Identified the +8 short sword of Courage {freeze, rPois MP+9 Str-4 Int+2} (You found it on level 6 of the Dungeon)
  5819 | D:6      | Identified the +8 short sword of Irritation {elec, rC+ Stlth+} (You found it on level 6 of the Dungeon)
  5974 | D:6      | Found a staircase to the Ecumenical Temple.
  5985 | Temple   | Entered the Ecumenical Temple
  6753 | D:7      | Found a stormy altar of Qazlal.
  7606 | D:8      | Noticed Maurice
  7629 | D:8      | Killed Maurice
  7629 | D:8      | Reached XP level 10. HP: 59/60 MP: 2/19
  7649 | D:8      | Reached skill level 9 in Fire Magic
  7789 | D:8      | Noticed Psyche
  7840 | D:8      | Killed Psyche
  7941 | D:8      | Noticed Erolcha
  7953 | D:8      | Killed Erolcha
  8007 | D:8      | Offered knowledge of Ignite Poison by Vehumet.
  8032 | D:8      | Noticed smzp's ghost (novice VSMo)
  8114 | D:8      | Killed smzp's ghost
  8858 | D:9      | Reached *** piety under Vehumet
  9199 | D:9      | Reached skill level 10 in Fire Magic
  9222 | D:9      | Found a staircase to the Lair.
  9400 | D:9      | Offered knowledge of Fulminant Prism by Vehumet.
  9542 | D:9      | Reached XP level 11. HP: 39/67 MP: 5/21
  9700 | D:9      | Found an oddly glowing altar of Pakellas.
 10044 | D:10     | Entered Level 10 of the Dungeon
 10146 | D:10     | Reached **** piety under Vehumet
 10372 | D:10     | Noticed an orc knight
 10376 | D:10     | Offered knowledge of Lee's Rapid Deconstruction by Vehumet.
 10413 | D:10     | Slain by an orc warrior

Skill      XL: |  1  2  3  4  5  6  7  8  9 10 11 |
---------------+----------------------------------+-----
Fighting       | 1 2 3 4 6 7 |  7.8
Fire Magic     | 4 5 6 7 8 10 | 10.3
Conjurations   | 2 3 4 5 6 7 8 |  8.0
Spellcasting   | 3 4 5 6 7 |  7.2
Dodging        | 2 3 |  3.5
Armour         | 2 3 |  3.1
Maces & Flails | |  0.2
Staves         | |  0.6
Stealth        | |  2.1

Action                   |  1- 3 |  4- 6 |  7- 9 | 10-12 || total
-------------------------+-------+-------+-------+-------++-------
Melee: Spear             |    45 |    21 |       |       ||    66
       Quarterstaff      |       |    23 |     7 |       ||    30
       Mace              |       |       |    31 |       ||    31
       Short sword       |       |       |    27 |    61 ||    88
 Cast: Flame Tongue      |    54 |   159 |   255 |   227 ||   695
       Conjure Flame     |       |     1 |     2 |     3 ||     6
       Sticky Flame      |       |       |     7 |    14 ||    21
       Fireball          |       |       |     1 |    10 ||    11
  Use: Potion            |       |     1 |     3 |     1 ||     5
       Scroll            |       |     2 |     3 |     7 ||    12
  Eat: Chunk             |     1 |     8 |    14 |    15 ||    38
Armor: Robe              |    20 |    20 |       |       ||    40
       Leather armour    |       |    15 |    90 |   102 ||   207
Dodge: Dodged            |    50 |    62 |    77 |    90 ||   279
